Map: Ephemeron LE

Players

pHARM

  • Race: Zerg Zerg
  • League: Platinum
  • Spawn Location: 5:00

dSchneider - Winner!

  • Race: Protoss Protoss
  • League: Diamond
  • Spawn Location: 11:00

VOD

Have the link to the VOD?

Description

Time

  • Played on: Oct. 6, 2019, 1:47 a.m.
  • Length: 9:36
Show
View Real Time Build Order
Export as new Build Order

pHARM Zerg 

Build Orders: Hatch First 

Get SALT Encoding   

  12  0:01  Drone  
  13  0:15  Overlord  
  13  0:18  Drone  
  14  0:33  Drone x2  
  16  0:46  Drone  
  17  0:54  Drone  
  18  1:04  Drone  
  18  1:05  Hatchery  
  18  1:14  Spawning Pool  
  17  1:22  Drone x2  
  19  1:36  Drone  
  20  1:46  Overlord  
  20  1:56  Drone  
  22  2:08  Drone  
  22  2:13  Drone  
  22  2:14  Queen  
  25  2:18  Queen  
  25  2:19  Drone  
  28  2:27  Hatchery  
  27  2:39  Drone x3  
  27  2:43  Overlord  
  30  2:53  Queen  
  30  2:57  Drone x3  
  35  3:21  Drone x4  
  39  3:27  Overlord x2  
  39  3:28  Overlord  
  39  3:30  Extractor  
  38  3:35  Extractor  
  38  3:37  Extractor  
  36  3:43  Roach Warren  
  36  3:45  Drone x4  
  36  3:46  Evolution Chamber  
  38  3:53  Drone  
  38  3:54  Drone x3  
  42  4:02  Drone x2  
  44  4:20  Drone x8  
  52  4:24  Zerg Melee Weapons Level 1  
  52  4:44  Metabolic Boost  
  52  4:48  Zergling x10  
  52  4:49  Zergling x10  
  62  4:56  Queen  
  66  5:09  Queen  
  66  5:12  Lair  
  66  5:13  Overlord  
  66  5:14  Overlord x4  
  66  5:25  Overlord x3  
  66  5:46  Zergling x26  
  80  6:04  Drone  
  80  6:16  Hydralisk Den, Drone x2  
  81  6:18  Infestation Pit  
  81  6:21  Zerg Melee Weapons Level 2  
  81  6:24  Zergling x22  
  89  6:46  Roach x7  
  83  7:15  Zergling x16  
  65  7:54  Hatchery  
  64  8:10  Roach  
  64  8:11  Roach x8  
  63  8:45  Roach x8  
  63  8:46  Roach  
  68  9:03  Spawning Pool  
Show
View Real Time Build Order
Export as new Build Order

dSchneider Protoss - Winner!

Build Orders: Phoenix Opening 

Get SALT Encoding   

  12  0:01  Probe  
  13  0:14  Probe  
  14  0:20  Pylon  
  14  0:26  Probe  
  15  0:38  Probe  
  15  0:40  Assimilator  
  16  0:47  Gateway  
  16  0:50  Probe (Chrono Boost)  
  17  1:01  Probe (Chrono Boost)  
  18  1:09  Probe (Chrono Boost), Assimilator  
  20  1:20  Probe (Chrono Boost)  
  20  1:24  Probe (Chrono Boost)  
  21  1:35  Probe  
  22  1:46  Nexus  
  22  1:58  Cybernetics Core  
  22  2:06  Pylon, Probe  
  23  2:27  Probe  
  23  2:29  Forge  
  24  2:36  Twilight Council  
  24  2:38  Adept  
  24  2:42  Warp Gate  
  26  2:47  Probe  
  27  2:56  Protoss Ground Weapons Level 1 (Chrono Boost)  
  27  2:59  Stargate  
  27  3:06  Probe  
  27  3:09  Probe  
  29  3:14  Charge (Chrono Boost)  
  29  3:18  Probe  
  30  3:22  Probe  
  31  3:31  Probe  
  31  3:32  Gateway  
  32  3:36  Probe  
  33  3:42  Phoenix  
  33  3:43  Probe  
  36  3:53  Robotics Facility  
  36  3:55  Probe  
  37  3:56  Probe  
  38  4:08  Gateway  
  38  4:11  Pylon  
  38  4:14  Probe x2  
  40  4:33  Probe  
  40  4:34  Gateway  
  40  4:36  Gateway  
  41  4:40  Observer (Chrono Boost)  
  41  4:44  Gateway  
  42  4:48  Probe x2  
  42  4:49  Pylon  
  44  4:53  Warp Prism (Chrono Boost)  
  46  5:05  Assimilator  
  46  5:06  Assimilator  
  46  5:07  Sentry x2  
  46  5:09  Gateway  
  46  5:13  Dark Shrine  
  50  5:15  Pylon  
  50  5:18  Gateway  
  50  5:34  Sentry  
  52  5:41  Probe x2  
  54  5:47  Pylon  
  54  5:52  Robotics Facility  
  54  5:53  Probe x2  
  56  6:01  Gateway  
  56  6:02  Pylon  
  56  6:08  Sentry  
  56  6:11  Sentry  
  60  6:34  Zealot x8  
  76  6:56  Sentry x2  
  80  7:05  Robotics Bay  
  80  7:09  Pylon  
  68  7:16  Zealot x7  
  74  7:34  Adept x2  
  60  8:04  Zealot x8  
  76  8:13  Colossus  
  76  8:17  Pylon  
  82  8:20  Shield Battery  
  82  8:21  Shield Battery  
  82  8:26  Photon Cannon x2, Sentry  
  84  8:28  Photon Cannon  
  84  8:31  Dark Templar  
  84  8:35  Colossus  
  84  8:39  Sentry  
  84  8:40  Dark Templar  
  84  8:43  Dark Templar  
  84  8:47  Adept x3  
  87  8:48  Probe  
  87  8:49  Probe  
  87  8:53  Zealot  
  82  8:57  Adept  
  82  9:00  Probe  
  77  9:06  Dark Templar  
  75  9:12  Probe (Chrono Boost)  
  74  9:20  Zealot  
  74  9:21  Probe (Chrono Boost)  
  74  9:22  Probe (Chrono Boost)  
Tags
 
Add a new tag
Caveats
  • Supply blocks, unpowered buildings, or Contaminate may cause inaccurate times.
  • Supply counts are checked every 10 seconds.